 Dungeon Crawl Stone Soup version 0.21-a0-584-g185da8e (webtiles) character file.

25 Amnesiac the Insei (level 3, 0/24 HPs)
             Began as an Octopode Transmuter on Dec 20, 2017.
             Slain by a giant cockroach (1 damage)
             ... on level 2 of the Dungeon.
             The game lasted 00:01:14 (904 turns).

Amnesiac the Insei (Octopode Transmuter)             Turns: 904, Time: 00:01:15

Health: 0/24       AC:  1    Str:  9    XL:     3   Next: 4%
Magic:  6/6        EV: 13    Int: 15    God:
Gold:   63         SH:  0    Dex: 13    Spells: 3/6 levels left

rFire    . . .     SeeInvis .     - Unarmed
rCold    . . .     Gourm    .   (no shield)
rNeg     . . .     Faith    .   (helmet restricted)
rPois    .         Spirit   .   (no amulet)
rElec    .         Reflect  .   (no ring)
rCorr    .         Harm     .   (no ring)
MR       .....                  (no ring)
Stlth    ++........             (no ring)
HPRegen  0.08/turn              (no ring)
MPRegen  0.10/turn              (no ring)
                                (no ring)
                                (no ring)

@: hasted, very quick
A: almost no armour, stealthy swim, amphibious, 8 rings, constrict 8, camouflage
1, gelatinous body 1
a: no special abilities


You were on level 2 of the Dungeon.
You were not hungry.

You visited 1 branch of the dungeon, and saw 2 of its levels.

You collected 63 gold pieces.

Inventory:

Missiles
 a - 62 arrows
Scrolls
 d - 2 scrolls of identify {!r, unknown}
 e - a scroll of enchant weapon {!r, unknown}
 l - a scroll of teleportation {!r, unknown}
Potions
 f - a potion of haste {!q}
 g - a potion of heal wounds {!q, unknown}
 h - a potion of berserk rage {!q, unknown}
 j - a potion of magic {!q, unknown}
 k - 3 potions of curing {!q, unknown}
Books
 b - a book of Changes

   Spells                             Type                      Level
   a - Beastly Appendage              Transmutation                1
   b - Sticks to Snakes               Transmutation                2
   c - Spider Form                    Transmutation/Poison         3
   d - Ice Form                       Ice/Transmutation            4
   e - Blade Hands                    Transmutation                5
Comestibles
 c - 2 rations


   Skills:
 + Level 2.2 Fighting
 + Level 2.1 Dodging
 * Level 3.2 Unarmed Combat
 - Level 2.0 Spellcasting
 + Level 2.1 Transmutations


You had 3 spell levels left.
You knew the following spells:

 Your Spells              Type           Power        Failure   Level  Hunger
a - Beastly Appendage     Tmut           #.....       9%          1    #......
b - Sticks to Snakes      Tmut           #.......     14%         2    ###....


Dungeon Overview and Level Annotations

Branches:
Dungeon (2/15)

Altars:


Innate Abilities, Weirdness & Mutations

You cannot wear most types of armour.
You are very stealthy in the water. (Stealth+)
You are amphibious.
You can wear up to eight rings at the same time.
You can use your tentacles to constrict eight enemies at once.
Your skin changes colour to match your surroundings (Stealth+).
Your rubbery body absorbs attacks. (AC +1, EV +1)


Message History

* * * LOW HITPOINT WARNING * * *
You tentacle-slap the giant cockroach but do no damage.
The giant cockroach is heavily wounded.
You constrict the giant cockroach.
The giant cockroach barely misses you. x2
You tentacle-slap the giant cockroach.
You kill the giant cockroach!
The giant cockroach bites you.
* * * LOW HITPOINT WARNING * * *
You closely miss the giant cockroach. You grab the giant cockroach.
You constrict the giant cockroach.
The giant cockroach escapes!
You barely miss the giant cockroach. You squeeze the giant cockroach.
You kill the giant cockroach!
You barely miss the giant cockroach. The giant cockroach closely misses you.
You tentacle-slap the giant cockroach but do no damage.
You grab the giant cockroach.
You squeeze the giant cockroach, but do no damage.
You constrict the giant cockroach, but do no damage.
The giant cockroach bites you.
* * * LOW HITPOINT WARNING * * *
You release your grip on the giant cockroach.
The giant cockroach barely misses you.
There is a stone staircase leading down here.
The giant cockroach bites you.
* * * LOW HITPOINT WARNING * * *
The jackal pauses to sniff the ground.
The jackal misses you.
You climb downwards.
A bat, a giant cockroach and a goblin come into view.
Found a scroll labeled IMOCYR ETEOHAO.
Found a stone staircase leading up.
There is a stone staircase leading up here.
You closely miss the giant cockroach. The giant cockroach barely misses you.
You tentacle-slap the giant cockroach. You grab the giant cockroach.
The giant cockroach is moderately wounded.
You constrict the giant cockroach. The giant cockroach closely misses you.
You tentacle-slap the giant cockroach.
You squeeze the giant cockroach, but do no damage.
The giant cockroach is severely wounded.
You constrict the giant cockroach.
The goblin shouts!
The giant cockroach misses you. The bat closely misses you.
You tentacle-slap the giant cockroach.
You kill the giant cockroach!
The bat completely misses you.
Really quaff
f - 2 fuming clear potions {!q}?
It was a potion of haste {!q}.
You feel yourself speed up. The bat barely misses you.
You tentacle-slap the goblin.
You kill the goblin!
You have reached level 3!
Your experience leads to an increase in your attributes!
Increase (S)trength, (I)ntelligence, or (D)exterity?
You feel agile. The bat hits you but does no damage.
You tentacle-slap the bat but do no damage.
You grab the bat.
You constrict the bat, but do no damage.
The bat hits you.
* * * LOW HITPOINT WARNING * * *
The bat misses you.
You barely miss the bat. You squeeze the bat.
You kill the bat!
You tentacle-slap the giant cockroach but do no damage.
The giant cockroach bites you.
You die...

##########
.#........#
..........#
..........#
..........#
#<........#
#.....)@..#
##....s†..#
..........#
.....######
..?.. ....
... ###


You could see a giant cockroach.

Vanquished Creatures
  A leopard gecko (D:1)
  2 bats
  5 giant cockroaches
  A hobgoblin (D:1)
  2 jackals (D:1)
  2 frilled lizards (D:1)
  3 goblins
  4 kobolds (D:1)
  A rat (D:1)
21 creatures vanquished.

Notes
Turn   | Place    | Note
-------+----------+-------------------------------------------
     0 | D:1      | Amnesiac the Octopode Transmuter began the quest for the Orb.
     0 | D:1      | Reached XP level 1. HP: 13/13 MP: 3/3
     1 | D:1      | Found a runed door.
   144 | D:1      | Reached XP level 2. HP: 19/19 MP: 5/5
   148 | D:1      | Learned a level 2 spell: Sticks to Snakes
   901 | D:2      | Reached XP level 3. HP: 2/24 MP: 6/6
   902 | D:2      | HP: 1/24 [bat (1)]
   904 | D:2      | Slain by a giant cockroach

Vault maps used:
D:1:      dpeg_arrival_caged_fury, minmay_misc_feat_plants, roderic_lattice_a
D:2:      first_ration, chequers_ecumenical_altar_grove,
          minmay_misc_feat_hallway

Skill      XL: |  1 |
---------------+----+-----
Fighting       | 2 |  2.2
Dodging        | |  2.1
Unarmed Combat | |  3.2
Spellcasting   | |  2.0
Transmutations | |  2.1

Action                   || total
-------------------------++-------
Melee: Unarmed           ||    53
       Tentacles         ||    13
       Constrict         ||    17
  Use: Potion            ||     1
 Stab: Sleeping          ||     1
Armor: Skin              ||    10
Dodge: Dodged            ||    45

Table legend:
 A = Spawn XP
 B = Non-spawn XP
 C = Spawn XP percentage of total XP
 D = Spawn monster count
 E = Non-spawn monster count
 F = Spawn count percentage of total count
 G = Total turns spent on level
                    A         B        C        D         E        F      G
               +---------+---------+-------+---------+---------+-------+---------
         Total |       0 |      36 |   0.0 |       0 |      21 |   0.0 |   904
               +---------+---------+-------+---------+---------+-------+---------
           D:1 |       0 |      31 |   0.0 |       0 |      18 |   0.0 |   895
           D:2 |       0 |       5 |   0.0 |       0 |       3 |   0.0 |     9
               +---------+---------+-------+---------+---------+-------+---------
